 Dungeon Crawl Stone Soup version 0.17-a0-1769-g54adf96 (webtiles) character file.

279 thrall606 the Skirmisher (level 6, 0/42 HPs)
             Began as a Draconian Chaos Knight on Sept 7, 2015.
             Was an Initiate of Yredelemnul.
             Killed by nerve-wracking pain
             ... invoked by Menkaure
              (11 damage)
             ... on level 4 of the Dungeon.
             The game lasted 00:14:49 (4857 turns).

thrall606 the Skirmisher (Draconian Chaos Knight)   Turns: 4857, Time: 00:14:49

Health: 0/42       AC:  6    Str: 11 (18) XL:     6   Next: 5%
Magic:  6/6        EV: 13    Int:  9 (10) God:    Yredelemnul [......]
Gold:   239        SH:  0    Dex: 11 (13) Spells: 0 memorised, 5 levels left

rFire  . . .     SeeInvis .     d - +1 short sword (venom)
rCold  + + .     Clarity  .     (armour unavailable)
rNeg   + . .     SustAt   .     (no shield)
rPois  .         Gourm    .     (helmet restricted)
rElec  .         Spirit   .     (no cloak)
rCorr  .         Warding  .     (no gloves)
rMut   .         Stasis   .     (no boots)
MR     .....                    (no amulet)
Stlth  +.........               m - ring of positive energy
                                i - +4 ring of strength

@: drained, not resistant to hostile enchantments, very unstealthy
A: unfitting armour, hooves 1, cold resistance 2, deterioration 2, dopey 1,
frail 2, wild magic 1, cold-blooded, AC +6
a: Renounce Religion


You were on level 4 of the Dungeon.
You worshipped Yredelemnul.
Yredelemnul was noncommittal.
You were not hungry.

You visited 2 branches of the dungeon, and saw 5 of its levels.

You collected 239 gold pieces.

Inventory:

Hand weapons
 a - a +0 falchion of chaos
 d - a +1 short sword of venom (weapon)
 j - a cursed -1 hand axe
Jewellery
 e - a +2 ring of dexterity
 i - a +4 ring of strength (left hand)
 k - an uncursed ring of positive energy
 l - an uncursed ring of protection from magic {unknown}
 m - a ring of positive energy (right hand)
Magical devices
 s - a wand of digging (18)
Scrolls
 c - 2 scrolls of remove curse
 n - 3 scrolls of identify
 o - a scroll of recharging
 q - 2 scrolls of fog
 r - a scroll of teleportation
Potions
 h - a potion of poison {unknown}
 p - 2 potions of curing
Comestibles
 b - 2 bread rations
 f - a meat ration


   Skills:
 + Level 4.4(4.2) Fighting
 + Level 1.8(2.7) Short Blades
 + Level 3.4 Long Blades
 + Level 4.4(4.3) Dodging
 + Level 1.4(1.2) Stealth


You had 5 spell levels left.
You didn't know any spells.

Dungeon Overview and Level Annotations

Branches:
Dungeon (4/15)             Temple (1/1) D:4

Altars:
Ashenzari
Dithmenos
Elyvilon
Fedhas
Kikubaaqudgha
Nemelex Xobeh
Okawaru
Qazlal
Ru
Sif Muna
Trog
Xom
Yredelemnul
Zin
The Shining One

Annotations:
D:4 Menkaure


Innate Abilities, Weirdness & Mutations

Your plain brown scales are hard (AC +6).
Your body does not fit into most forms of armour.
You are cold-blooded and may be slowed by cold attacks.
You have large cloven feet.
Your flesh is very cold resistant.
Your body often deteriorates upon taking damage.
You are dopey. (Int -2)
You are very frail (-20% HP).
Your spells are a little harder to cast, but a little more powerful.


Message History

Found a stone staircase leading up.
There is a stone staircase leading up here.
Menkaure, Prince of Dust comes into view.
Menkaure shouts!
There is a stone staircase leading up here.
Menkaure casts a spell.
Menkaure seems to speed up.
Menkaure calls on the powers of darkness!
Your body is wracked with pain!
All of the chunks of flesh in your inventory have rotted away.
Menkaure calls on the powers of darkness!
Your body is wracked with pain!
Menkaure calls on the powers of darkness!
Your body is wracked with pain!
* * * LOW HITPOINT WARNING * * *
Menkaure casts a spell at you. Pain shoots through your body!
You die...
Xom is highly amused!
Your body rises from the dead as a mindless zombie.

##.## ##.....#..# ## ## .
####..###########...# #..###...
..##.........#.....### .....#.
#..#...........###.....#..###....
.................................
####.........############.###....
#.........# #....
#.........######## ###....
#.........M..@...#####.##..)[)
#.........######..<..#.##..)..
#.........#.....#......##.....
#........#....................
#.......................######
#.......................# #
.......................# #
.......................# #
.......................# #


You could see Menkaure.

Vanquished Creatures
  2 orc priests (D:4)
  An orc wizard (D:3)
  Terence (D:3)
  A worker ant (D:4)
  4 adders
  A gnoll (D:1)
  2 oozes
  3 worms (D:2)
  2 giant geckos
  10 orcs
  A ball python (D:2)
  12 bats
  2 giant cockroaches
  7 hobgoblins
  3 jackals (D:3)
  8 kobolds
  2 giant newts
  3 goblins
  9 rats
74 creatures vanquished.

Notes
Turn   | Place    | Note
--------------------------------------------------------------
     0 | D:1      | thrall606 the Draconian Chaos Knight began the quest for the Orb.
     0 | D:1      | Reached XP level 1. HP: 19/19 MP: 1/1
   574 | D:1      | XOM: divination: detect items
   632 | D:1      | Reached XP level 2. HP: 21/26 MP: 2/2
   782 | D:1      | XOM is BORED!
   782 | D:1      | XOM: summons 4 hostile shadow creatures
   849 | D:1      | XOM: fog
   876 | D:1      | XOM: draining
   978 | D:1      | Gained mutation: Your mind is acute. (Int +2) [potion of mutation]
   978 | D:1      | Gained mutation: Your flesh is cold resistant. [potion of mutation]
   978 | D:1      | Gained mutation: Your body sometimes deteriorates upon taking damage. [potion of mutation]
   979 | D:1      | Gained mutation: Your flesh is very cold resistant. [potion of mutation]
   979 | D:1      | Gained mutation: Your body often deteriorates upon taking damage. [potion of mutation]
   979 | D:1      | Gained mutation: You are frail (-10% HP). [potion of mutation]
  1068 | D:1      | XOM: polymorph hobgoblin -> gnoll
  1072 | D:1      | Reached XP level 3. HP: 29/29 MP: 3/3
  1192 | D:1      | XOM: colour smoke trail
  1276 | D:1      | XOM: stat loss: -1 Str (17/18)
  1335 | D:1      | XOM: harmless Trmt miscast
  1412 | D:2      | XOM: fog
  1444 | D:2      | XOM: vitrification
  1813 | D:2      | XOM: cast spell 'Summon Butterflies'
  2011 | D:2      | XOM: give mutation
  2011 | D:2      | Gained mutation: You have large cloven feet. [Xom's grace]
  2140 | D:2      | XOM: give mutations
  2140 | D:2      | Gained mutation: You have supernaturally acute eyesight. [Xom's grace]
  2140 | D:2      | Gained mutation: Your spells are a little harder to cast, but a little more powerful. [Xom's grace]
  2143 | D:2      | XOM: medium Conj miscast
  2392 | D:2      | XOM: mild Divn miscast
  2778 | D:2      | XOM: noise
  2864 | D:3      | Reached XP level 4. HP: 28/36 MP: 4/4
  2971 | D:3      | XOM: mild Fire miscast
  2982 | D:3      | Reached skill level 1 in Stealth
  2991 | D:3      | XOM: god gift: scroll of fog
  3187 | D:3      | XOM: god gift: 12 arrows of flame
  3189 | D:3      | XOM: harmless Hex miscast
  3263 | D:3      | Reached skill level 1 in Short Blades
  3330 | D:3      | Reached skill level 4 in Fighting
  3342 | D:3      | Noticed Terence
  3343 | D:3      | XOM: confuse monster(s)
  3357 | D:3      | Killed Terence
  3357 | D:3      | Reached XP level 5. HP: 33/41 MP: 5/5
  3387 | D:3      | XOM: mild Summ miscast
  3675 | D:3      | XOM: give mutation
  3675 | D:3      | Gained mutation: You are very frail (-20% HP). [Xom's mischief]
  3953 | D:3      | XOM: draining
  4148 | D:4      | Noticed an orc warrior
  4148 | D:4      | XOM: 2-stop teleportation journey
  4199 | D:4      | Found a staircase to the Ecumenical Temple.
  4210 | Temple   | Entered the Ecumenical Temple
  4211 | Temple   | Fell from the grace of Xom
  4263 | Temple   | Became a worshipper of Yredelemnul the Dark
  4292 | Temple   | HP: 1/37 [orc/mace of protection (4)]
  4435 | Temple   | XOM: give mutations
  4435 | Temple   | Lost mutation: Your mind is acute. (Int +2) [Xom's mischief]
  4435 | Temple   | Lost mutation: You have supernaturally acute eyesight. [Xom's mischief]
  4435 | Temple   | Gained mutation: You are dopey. (Int -2) [Xom's mischief]
  4604 | D:4      | Reached XP level 6. HP: 31/42 MP: 6/6
  4780 | D:4      | XOM: noise
  4828 | D:4      | Noticed Menkaure
  4857 | D:4      | Killed from afar by Menkaure

Vault maps used:
D:1:      shiori_arrival_elements, minmay_tree_intersection
D:3:      first_bread, uniq_terence
D:4:      uniq_menkaure
Temple:   nicolae_temple_no_exploring_needed

Action                   |  1- 3 |  4- 6 || total
-------------------------+-------+-------++-------
Melee: Short sword       |   117 |   119 ||   236
       Falchion          |     9 |       ||     9
Invok: Renounce Religion |       |     1 ||     1
  Use: Scroll            |     9 |     1 ||    10
       Potion            |     2 |     3 ||     5
 Stab: Confused          |       |     1 ||     1
  Eat: Chunk             |     4 |     4 ||     8
       Fruit             |     2 |     1 ||     3
       Pizza             |       |     1 ||     1
